Map: Jagannatha LE

Players

Reynor - Winner!

  • Race: Zerg Zerg

Dark

  • Race: Zerg Zerg

Event: TSL 7

VOD

Have the link to the VOD?

Description

Time

  • Played on: June 19, 2021, 9:40 a.m.
  • Length: 47:59

All games in this series

Show
View Real Time Build Order
Export as new Build Order

Reynor Zerg - Winner!

Build Orders: Pool First 

Get SALT Encoding   

  12  0:00  Drone  
  13  0:12  Overlord  
  13  0:17  Drone  
  14  0:30  Drone x2  
  16  0:41  Spawning Pool  
  15  0:44  Drone  
  15  0:48  Drone  
  17  1:09  Hatchery  
  16  1:12  Drone  
  16  1:18  Extractor  
  16  1:28  Zergling x6  
  19  1:33  Queen  
  21  1:40  Overlord  
  21  1:50  Drone  
  22  2:01  Drone  
  23  2:09  Queen  
  23  2:11  Drone  
  26  2:18  Metabolic Boost  
  26  2:21  Drone  
  27  2:24  Drone  
  28  2:33  Drone x2  
  30  2:42  Overlord  
  30  2:43  Drone x3  
  32  2:49  Drone  
  33  2:53  Baneling Nest  
  31  3:00  Zergling x4  
  33  3:06  Zergling x2  
  33  3:10  Zergling x2  
  35  3:17  Zergling x2  
  36  3:22  Zergling x6  
  39  3:29  Overlord  
  39  3:33  Zergling x2  
  40  3:36  Baneling x2  
  40  3:37  Hatchery, Zergling x4  
  41  3:42  Zergling x4  
  41  3:45  Zergling x2  
  42  3:49  Drone x2  
  44  3:56  Baneling x2  
  44  3:58  Drone x3  
  44  4:00  Drone  
  48  4:03  Baneling  
  48  4:06  Overlord  
  48  4:08  Drone  
  49  4:10  Drone  
  49  4:12  Drone  
  49  4:13  Drone  
  52  4:23  Evolution Chamber  
  52  4:24  Queen  
  51  4:27  Drone x2  
  51  4:30  Drone  
  51  4:31  Drone  
  57  4:32  Drone  
  57  4:36  Drone x2  
  60  4:43  Overlord  
  59  4:57  Overlord  
  59  4:58  Drone x4  
  59  4:59  Drone  
  61  5:01  Zerg Ground Armor Level 1  
  61  5:03  Drone  
  61  5:05  Extractor  
  61  5:06  Extractor  
  60  5:08  Roach Warren  
  57  5:14  Overlord  
  57  5:17  Drone x6  
  63  5:22  Overlord  
  63  5:24  Drone  
  63  5:27  Overlord  
  64  5:32  Evolution Chamber  
  64  5:33  Drone x2  
  65  5:36  Overlord  
  65  5:42  Zergling x6  
  57  5:46  Zergling x4  
  60  5:52  Roach  
  60  5:53  Queen  
  64  5:58  Roach  
  64  5:59  Roach  
  64  6:02  Roach  
  69  6:05  Roach  
  69  6:06  Roach x2  
  69  6:09  Baneling x2  
  75  6:11  Zergling x2, Roach  
  75  6:18  Zergling x6, Roach x2  
  80  6:24  Zergling x4, Roach x2  
  86  6:26  Roach  
  86  6:28  Zergling x2  
  86  6:30  Zergling x2  
  90  6:36  Zergling x8  
  94  6:40  Roach  
  94  6:42  Baneling x2, Zergling x2  
  94  6:44  Zergling x4  
  94  6:45  Zergling x2  
  94  6:46  Overlord  
  100  6:49  Baneling  
  100  6:50  Baneling  
  100  6:52  Roach  
  104  6:59  Roach x2  
  106  7:07  Roach  
  106  7:08  Zergling x12, Roach  
  108  7:14  Zergling x2, Roach  
  108  7:15  Zergling x4  
  106  7:21  Zerg Missile Weapons Level 1  
  94  7:23  Drone x2, Lair  
  94  7:24  Drone  
  94  7:29  Drone x2  
  96  7:32  Drone x2  
  96  7:34  Drone  
  99  7:38  Drone x2  
  99  7:39  Extractor, Drone  
  99  7:41  Drone  
  99  7:42  Drone x2  
  104  7:49  Extractor  
  104  7:50  Roach x4  
  111  7:52  Roach x2  
  115  7:59  Overlord  
  115  8:02  Roach x3  
  121  8:06  Overlord  
  121  8:10  Drone  
  121  8:13  Overlord  
  121  8:17  Roach x3  
  121  8:18  Roach  
  129  8:20  Overlord x2  
  129  8:21  Glial Reconstitution  
  129  8:23  Overseer  
  129  8:25  Roach x4  
  137  8:30  Overlord  
  137  8:32  Roach x3  
  143  8:36  Roach  
  143  8:39  Roach x3  
  151  8:41  Overlord  
  151  8:44  Roach  
  151  8:46  Overlord  
  153  8:49  Roach x2  
  153  8:50  Roach  
  159  8:57  Roach x2  
  159  8:59  Overlord  
  159  9:00  Roach  
  159  9:01  Roach x2  
  169  9:03  Overlord  
  169  9:07  Roach  
  169  9:08  Roach x2  
  169  9:09  Roach  
  177  9:12  Overlord  
  177  9:14  Roach  
  177  9:22  Roach x3  
  183  9:25  Roach  
  183  9:29  Roach x2  
  189  9:32  Queen  
  185  9:38  Queen  
  185  9:43  Roach x3  
  178  9:49  Roach x3  
  179  9:53  Queen  
  169  10:02  Roach  
  169  10:03  Zergling x2, Roach x4  
  154  10:08  Roach x3  
  158  10:16  Roach x2  
  158  10:17  Zergling x2, Roach x2  
  161  10:24  Roach x3  
  143  10:29  Roach x2  
  143  10:33  Roach  
  131  10:35  Queen x2  
  131  10:38  Roach  
  131  10:39  Roach  
  130  10:48  Queen  
  122  10:50  Drone  
  122  10:51  Drone x2, Zerg Missile Weapons Level 2  
  122  10:54  Drone  
  126  10:57  Drone x2  
  126  10:58  Drone x2  
  130  11:06  Tunneling Claws  
  130  11:09  Spore Crawler  
  130  11:10  Drone, Spore Crawler  
  123  11:11  Spore Crawler  
  123  11:15  Extractor  
  123  11:16  Roach  
  123  11:17  Roach x3  
  129  11:20  Ravager x2  
  129  11:25  Roach x3  
  137  11:27  Overlord  
  137  11:30  Overlord  
  137  11:33  Roach x2  
  141  11:42  Overlord  
  141  11:44  Hatchery  
  141  11:46  Roach  
  142  11:51  Roach x2  
  146  11:59  Overlord  
  146  12:02  Roach x4  
  146  12:07  Overlord  
  151  12:10  Overlord  
  151  12:15  Burrow  
  147  12:17  Overlord  
  147  12:19  Roach x2  
  153  12:22  Roach  
  153  12:24  Ravager  
  153  12:26  Roach x2  
  158  12:36  Infestation Pit  
  157  12:39  Roach x3  
  157  12:40  Roach x2  
  157  12:41  Ravager  
  157  12:44  Roach  
  170  12:47  Roach  
  170  12:49  Roach  
  174  12:54  Roach x2  
  178  13:00  Roach x3  
  184  13:06  Overlord  
  184  13:15  Overlord  
  184  13:22  Roach  
  184  13:25  Drone x3  
  184  13:26  Drone x3  
  190  13:28  Spore Crawler  
  190  13:32  Hive  
  189  13:38  Drone x5  
  189  13:39  Drone  
  189  13:40  Ravager  
  196  13:47  Ravager  
  196  13:51  Roach x2  
  196  13:54  Hydralisk Den  
  199  13:56  Overlord  
  199  14:03  Overlord  
  199  14:07  Overlord  
  198  14:10  Extractor  
  198  14:11  Extractor  
  198  14:13  Overlord  
  196  14:18  Drone x3  
  196  14:21  Evolution Chamber  
  198  14:38  Lurker Den, Roach  
  197  14:44  Zerg Missile Weapons Level 3  
  199  14:51  Spine Crawler  
  199  14:52  Spore Crawler  
  197  14:54  Zerg Ground Armor Level 2  
  197  15:00  Hatchery  
  197  15:04  Viper, Roach x11  
  199  15:16  Pneumatized Carapace  
  199  15:18  Spore Crawler  
  199  15:19  Spine Crawler  
  195  15:30  Viper x2  
  197  15:39  Roach x16  
  189  15:48  Roach x11  
  189  15:49  Seismic Spines  
  185  15:50  Hydralisk x7  
  199  15:59  Roach x16  
  199  16:09  Overseer  
  193  16:28  Roach x8  
  193  16:32  Roach x17  
  194  16:36  Lurker  
  194  16:37  Lurker x5  
  200  16:44  Viper x2  
  200  16:55  Hatchery  
  200  16:56  Overseer x3  
  197  17:02  Adaptive Talons  
  197  17:04  Overseer  
  159  17:29  Overseer x2  
  148  17:39  Drone x6, Hydralisk x3  
  148  17:40  Hydralisk x4  
  166  17:46  Viper x2  
  172  17:52  Hydralisk x2  
  172  17:55  Drone x2  
  172  17:58  Zerg Ground Armor Level 3  
  178  17:59  Overseer x2  
  178  18:02  Overseer  
  169  18:20  Hydralisk x2  
  169  18:21  Hydralisk  
  169  18:26  Lurker x3  
  175  18:27  Hatchery  
  175  18:29  Hydralisk  
  175  18:30  Hydralisk x2  
  175  18:33  Roach x6  
  180  18:38  Lurker x2  
  182  18:44  Drone  
  183  18:49  Lurker x2  
  183  18:50  Lurker  
  186  19:02  Hatchery, Hydralisk  
  185  19:03  Hydralisk x2  
  185  19:07  Overseer x8  
  189  19:19  Roach x16  
  189  19:22  Roach x5  
  195  19:39  Roach  
  195  19:40  Roach x3  
  195  19:45  Overlord x2  
  196  19:46  Overlord  
  196  19:54  Overlord  
  188  20:13  Roach x3  
  188  20:14  Roach x3  
  200  20:16  Hatchery  
  199  20:22  Roach x5  
  197  20:48  Extractor  
  197  20:49  Extractor, Drone  
  184  20:50  Drone x3  
  184  20:53  Hydralisk x6  
  184  20:54  Hydralisk  
  199  21:08  Muscular Augments  
  199  21:19  Overseer  
  199  21:26  Spore Crawler, Overseer  
  199  21:27  Spine Crawler x2, Hydralisk, Spore Crawler  
  199  21:28  Hydralisk  
  193  21:52  Overseer  
  193  21:53  Hydralisk x4  
  186  21:58  Drone  
  186  21:59  Drone x2, Extractor  
  186  22:00  Extractor, Viper x3  
  196  22:08  Lurker x2  
  192  22:11  Lurker  
  192  22:14  Spore Crawler  
  192  22:15  Spine Crawler x2  
  190  22:19  Grooved Spines  
  190  22:23  Evolution Chamber x3  
  187  22:32  Spine Crawler x2  
  187  22:33  Spine Crawler  
  187  22:36  Hydralisk x4  
  187  22:37  Hydralisk x4  
  200  22:50  Overseer x3  
  200  22:58  Roach Warren  
  199  23:08  Roach  
  199  23:46  Viper x4  
  189  23:48  Viper x3  
  192  24:07  Overseer x2  
  187  24:27  Overlord  
  185  24:34  Evolution Chamber  
  185  24:36  Evolution Chamber  
  183  24:40  Overseer  
  183  24:45  Roach x6  
  183  24:46  Roach x4  
  183  24:50  Lurker  
  183  24:51  Lurker x4  
  188  25:02  Roach x17  
  188  25:06  Lurker x2  
  188  25:07  Hydralisk, Lurker x5  
  195  25:08  Hydralisk  
  195  25:12  Lurker  
  200  25:21  Overseer  
  200  25:28  Hydralisk x12  
  190  25:43  Hydralisk  
  190  25:44  Hydralisk x4  
  190  25:48  Overlord  
  187  26:02  Lurker x3  
  187  26:03  Hydralisk x2  
  187  26:04  Hydralisk x6  
  184  26:10  Overseer x2  
  197  26:12  Drone x2  
  190  26:30  Lurker x7  
  190  26:31  Overseer  
  168  27:04  Viper  
  168  27:05  Viper x6  
  177  27:12  Overseer x2  
  174  27:18  Hydralisk x2  
  174  27:19  Hydralisk x5  
  174  27:20  Hatchery  
  178  27:27  Drone x4  
  182  28:02  Hydralisk x3, Evolution Chamber, Roach  
  182  28:04  Overlord x3  
  187  28:25  Hydralisk x6  
  199  28:33  Drone  
  200  28:45  Overlord  
  195  29:06  Overseer x3  
  194  29:10  Queen  
  196  29:28  Hydralisk x3  
  196  29:44  Lair  
  196  29:48  Lurker x2  
  196  29:50  Overseer  
  195  30:01  Hatchery  
  194  30:16  Hydralisk  
  194  30:19  Lurker x4  
  200  30:34  Hydralisk x2  
  200  30:35  Hydralisk x2  
  200  30:37  Overseer  
  200  30:48  Overlord  
  200  30:59  Overseer x3  
  200  31:14  Extractor  
  200  31:16  Extractor  
  198  31:21  Hydralisk, Hive  
  200  31:29  Spore Crawler  
  199  31:35  Drone  
  192  32:23  Overseer  
  192  32:24  Roach x4  
  173  32:51  Viper x6  
  154  32:55  Roach x6  
  154  32:56  Roach x3  
  190  33:00  Drone x3  
  190  33:01  Overseer  
  190  33:05  Roach x3  
  199  33:20  Evolution Chamber  
  199  33:21  Evolution Chamber  
  199  33:26  Evolution Chamber  
  196  33:27  Spore Crawler  
  196  33:29  Spine Crawler x2, Hydralisk  
  196  33:30  Spine Crawler  
  196  33:31  Hydralisk x3  
  197  34:07  Hydralisk  
  199  34:10  Overseer x3  
  199  34:17  Overseer x3  
  199  34:22  Overlord  
  172  34:48  Hydralisk x8  
  169  35:01  Overlord x3  
  169  35:05  Overlord  
  157  35:12  Overlord  
  149  35:18  Overlord  
  149  35:20  Viper x4  
  145  35:22  Hydralisk x5  
  145  35:23  Hydralisk x5  
  145  35:27  Overseer x2  
  165  35:28  Roach x3  
  165  35:29  Roach x2  
  165  35:33  Lurker  
  172  35:36  Roach x5  
  184  35:46  Hatchery, Lurker x3  
  184  35:47  Lurker x5  
  181  35:51  Roach x2  
  181  35:52  Overseer  
  181  35:55  Overseer  
  180  36:02  Drone  
  181  36:10  Lurker x2  
  181  36:11  Drone  
  184  36:15  Drone  
  185  36:30  Roach x2  
  187  36:42  Overlord  
  187  36:44  Roach  
  187  36:45  Overseer, Roach x3  
  192  37:13  Roach x4  
  198  37:16  Overseer  
  198  37:27  Overlord  
  198  37:28  Overseer  
  186  37:50  Extractor  
  186  37:51  Extractor  
  184  37:53  Overseer  
  184  37:55  Drone x2  
  184  37:56  Drone  
  184  38:10  Overseer  
  184  38:32  Drone x2  
  186  38:35  Overlord  
  186  38:49  Overlord x2  
  182  39:08  Roach x8  
  198  39:17  Roach  
  198  39:22  Drone  
  198  39:28  Overlord  
  191  39:55  Overlord  
  191  39:56  Drone x2  
  193  40:02  Overseer  
  193  40:04  Overseer  
  190  40:19  Overseer x2  
  190  40:24  Hydralisk Den  
  187  40:43  Overseer  
  153  41:24  Roach  
  153  41:25  Roach x17  
  180  41:51  Hatchery  
  164  42:25  Overseer x2  
  125  42:46  Drone x2  
  121  43:15  Drone x3  
  124  43:26  Overseer x3  
  124  43:36  Spawning Pool  
  123  43:53  Viper  
  114  44:03  Drone x3  
  116  44:25  Lair  
  111  44:54  Drone x2  
  111  44:55  Queen  
  115  45:25  Hive  
  115  45:41  Overseer  
  115  45:49  Overseer  
  115  46:01  Overseer  
  110  46:33  Overseer  
  110  46:37  Viper x2  
  115  46:41  Queen  
  117  47:15  Overseer x2  
  117  47:20  Overseer x2  
Show
View Real Time Build Order
Export as new Build Order

Dark Zerg 

Build Orders: Hatch First, Zergling Baneling 

Get SALT Encoding   

  12  0:00  Drone  
  13  0:12  Overlord  
  13  0:18  Drone  
  14  0:30  Drone x2  
  16  0:48  Hatchery  
  15  0:51  Drone  
  15  0:55  Drone  
  17  0:58  Drone  
  18  1:08  Extractor  
  17  1:14  Spawning Pool  
  17  1:16  Drone  
  17  1:20  Drone  
  18  1:28  Drone  
  19  1:38  Drone  
  20  1:50  Drone  
  21  2:00  Queen  
  21  2:01  Queen  
  25  2:02  Drone x2  
  27  2:10  Overlord  
  27  2:13  Zergling x2  
  28  2:27  Metabolic Boost, Zergling x2  
  29  2:30  Zergling x2  
  29  2:35  Zergling x4  
  30  2:47  Overlord  
  30  2:48  Drone  
  31  2:53  Overlord  
  31  2:54  Overlord  
  31  3:05  Hatchery  
  31  3:07  Drone  
  31  3:08  Drone  
  32  3:17  Drone x2  
  32  3:18  Drone  
  35  3:27  Drone  
  35  3:28  Drone  
  35  3:29  Baneling Nest  
  35  3:35  Queen  
  35  3:39  Zergling x2  
  38  3:43  Zergling x4  
  38  3:45  Zergling x2  
  38  3:48  Zergling x2  
  39  3:49  Zergling x2  
  39  3:53  Evolution Chamber  
  39  3:57  Zergling x2  
  39  3:59  Evolution Chamber  
  39  4:00  Drone  
  41  4:03  Drone x2  
  41  4:04  Drone  
  41  4:08  Evolution Chamber  
  43  4:11  Drone x2  
  43  4:12  Baneling x2  
  43  4:13  Drone  
  46  4:21  Drone x6  
  52  4:29  Overlord  
  52  4:32  Baneling x2  
  52  4:33  Baneling x2  
  52  4:39  Extractor  
  52  4:40  Zerg Missile Weapons Level 1  
  51  4:47  Hatchery, Baneling  
  51  4:48  Baneling  
  50  4:58  Zergling x12  
  55  5:02  Drone  
  55  5:04  Roach Warren  
  55  5:05  Overlord  
  55  5:07  Drone  
  55  5:11  Drone  
  55  5:12  Drone x2  
  55  5:13  Hatchery  
  57  5:16  Baneling x2  
  57  5:17  Drone  
  57  5:19  Drone  
  58  5:28  Zergling x2  
  59  5:31  Drone x2  
  61  5:35  Extractor  
  58  5:44  Lair  
  58  5:47  Zergling x4  
  58  5:48  Roach x2  
  64  5:50  Pneumatized Carapace  
  64  5:53  Drone x2  
  64  5:54  Drone  
  67  6:06  Overlord  
  67  6:09  Overlord  
  67  6:10  Drone  
  67  6:17  Drone  
  66  6:19  Drone x2  
  66  6:21  Overlord x3  
  66  6:23  Overlord  
  66  6:24  Extractor  
  67  6:26  Roach x3  
  67  6:31  Roach  
  75  6:36  Roach x2  
  79  6:40  Baneling x2  
  79  6:41  Roach x3  
  79  6:42  Spine Crawler, Roach  
  79  6:44  Spine Crawler  
  79  6:45  Baneling x4  
  84  6:47  Roach  
  84  6:49  Roach  
  84  6:53  Roach  
  90  6:55  Roach  
  90  6:56  Roach  
  90  7:00  Roach  
  98  7:01  Roach  
  98  7:06  Roach  
  94  7:10  Roach  
  94  7:12  Zergling x2  
  94  7:13  Zergling x6  
  96  7:17  Roach x3  
  96  7:22  Drone x2  
  96  7:23  Drone x3  
  96  7:24  Drone  
  100  7:32  Drone  
  100  7:33  Drone  
  100  7:36  Drone  
  103  7:41  Extractor  
  103  7:42  Drone  
  103  7:45  Spire  
  103  7:48  Drone x2  
  104  7:54  Baneling x2  
  104  7:55  Baneling x2  
  104  7:58  Drone x2  
  104  7:59  Drone  
  104  8:03  Extractor  
  106  8:05  Drone  
  106  8:06  Drone x2  
  106  8:08  Drone x5  
  106  8:09  Zerg Missile Weapons Level 2, Glial Reconstitution  
  114  8:18  Drone x3  
  117  8:24  Hatchery  
  116  8:29  Overlord x3  
  116  8:30  Overlord  
  116  8:37  Queen  
  118  8:57  Mutalisk x7  
  118  9:01  Roach x3  
  138  9:07  Roach  
  138  9:08  Roach x3  
  146  9:12  Roach x3  
  151  9:20  Roach  
  151  9:21  Overlord  
  151  9:22  Overlord  
  153  9:25  Ravager  
  151  9:31  Roach  
  151  9:37  Roach x3  
  151  9:38  Roach  
  159  9:40  Roach x2  
  159  9:43  Roach  
  159  9:44  Roach x4  
  159  9:45  Roach x2  
  168  9:49  Roach x3  
  168  9:50  Roach  
  168  9:54  Roach  
  168  9:55  Roach  
  168  9:57  Roach  
  159  10:00  Roach  
  159  10:06  Roach x2  
  138  10:09  Roach  
  138  10:12  Roach  
  138  10:16  Roach  
  138  10:21  Roach x2  
  134  10:23  Roach  
  134  10:26  Roach  
  120  10:29  Roach  
  112  10:36  Roach  
  112  10:37  Roach  
  114  10:43  Roach x2  
  114  10:46  Roach  
  114  10:48  Roach  
  118  10:51  Roach  
  118  10:55  Roach x2  
  123  10:57  Roach x2  
  123  11:01  Roach  
  126  11:05  Roach x2  
  126  11:07  Drone  
  126  11:08  Drone  
  126  11:10  Drone  
  132  11:13  Drone x2  
  132  11:17  Overseer  
  138  11:29  Roach x5  
  146  11:40  Roach x3  
  146  11:42  Ravager x2  
  146  11:46  Roach x3  
  158  11:49  Drone x2, Queen x2  
  164  11:56  Drone  
  164  11:57  Queen  
  164  11:58  Drone  
  164  12:00  Drone x2  
  158  12:16  Drone x4  
  158  12:19  Zerg Ground Armor Level 1, Roach x2  
  158  12:20  Ravager  
  158  12:21  Ravager x3  
  166  12:28  Drone  
  166  12:29  Drone x2, Extractor  
  168  12:31  Extractor  
  168  12:32  Extractor, Roach x3  
  168  12:33  Overseer  
  168  12:34  Overseer x2  
  172  12:45  Roach x2  
  172  12:46  Overlord  
  172  12:48  Overlord  
  172  12:50  Overlord  
  176  12:55  Infestation Pit  
  176  12:56  Hydralisk Den  
  176  12:57  Overlord  
  174  12:58  Overlord  
  174  12:59  Drone x2  
  176  13:09  Drone  
  176  13:10  Drone  
  176  13:11  Drone  
  176  13:12  Drone, Spine Crawler  
  179  13:13  Drone x3  
  179  13:14  Drone, Roach  
  179  13:15  Roach x4  
  179  13:16  Ravager x4  
  197  13:21  Drone x3, Spine Crawler  
  199  13:27  Ravager  
  199  13:30  Spine Crawler  
  199  13:35  Spine Crawler  
  199  13:36  Overlord  
  199  13:38  Overlord  
  199  13:39  Overlord  
  198  13:42  Hive  
  198  13:45  Lurker Den  
  197  13:58  Drone  
  197  14:00  Roach  
  200  14:15  Zerg Ground Armor Level 2  
  200  14:18  Evolution Chamber  
  200  14:21  Hydralisk, Spore Crawler  
  200  14:22  Overseer  
  200  14:23  Spore Crawler  
  199  14:30  Hatchery  
  198  14:35  Hydralisk  
  198  14:37  Spore Crawler x2  
  198  14:52  Hydralisk  
  198  14:54  Adaptive Talons  
  200  15:00  Zerg Missile Weapons Level 3  
  200  15:03  Lurker x2  
  200  15:04  Hydralisk x3  
  200  15:05  Spore Crawler  
  199  15:07  Spore Crawler  
  199  15:08  Hydralisk  
  198  15:18  Hydralisk  
  200  15:22  Hydralisk  
  198  15:31  Hydralisk x2  
  198  15:37  Lurker x3  
  187  15:45  Hydralisk x3  
  187  15:47  Lurker  
  187  15:48  Hydralisk, Lurker  
  193  15:51  Seismic Spines  
  193  15:53  Lurker  
  193  15:54  Hydralisk x2, Lurker  
  199  15:58  Overseer x2  
  199  16:01  Lurker  
  183  16:27  Hydralisk x4  
  157  16:33  Lurker x6  
  157  16:35  Drone x7  
  157  16:36  Hydralisk x3  
  157  16:39  Zerg Ground Armor Level 3  
  156  16:49  Roach x2  
  156  16:50  Roach x9  
  156  16:51  Roach  
  180  16:55  Drone x2  
  177  17:01  Lurker x2  
  172  17:12  Overseer  
  171  17:15  Roach  
  171  17:17  Roach  
  171  17:24  Hydralisk, Lurker x3  
  174  17:32  Lurker  
  173  17:38  Drone x3  
  173  17:41  Roach x2  
  180  17:44  Extractor x2  
  180  17:45  Drone  
  180  17:46  Drone x2  
  180  17:48  Hydralisk x2  
  180  17:49  Spore Crawler x2  
  183  17:56  Drone x4  
  183  17:57  Hatchery  
  186  18:00  Evolution Chamber  
  186  18:01  Evolution Chamber x4  
  186  18:04  Viper x2  
  187  18:09  Drone, Evolution Chamber  
  187  18:10  Lurker  
  185  18:14  Evolution Chamber  
  185  18:15  Spore Crawler  
  181  18:20  Hydralisk x2  
  181  18:23  Drone x3  
  185  18:27  Spore Crawler x2  
  185  18:29  Spore Crawler x2, Viper x2  
  185  18:32  Evolution Chamber x2  
  185  18:35  Overseer  
  185  18:40  Lurker  
  185  18:41  Lurker x2  
  188  18:51  Hydralisk x2, Nydus Network  
  191  19:01  Viper  
  194  19:19  Spore Crawler  
  194  19:20  Spore Crawler  
  186  19:26  Spore Crawler  
  183  19:32  Hydralisk  
  183  19:33  Hydralisk x2  
  183  19:34  Spore Crawler  
  183  19:35  Spore Crawler x2  
  183  19:36  Hydralisk x2  
  183  19:38  Spore Crawler  
  183  19:40  Lurker x3  
  183  19:44  Viper x2  
  186  19:48  Drone x7  
  186  19:49  Drone x3  
  189  20:03  Lurker x3  
  189  20:04  Spore Crawler  
  182  20:11  Nydus Canal  
  180  20:16  Drone x2  
  180  20:18  Extractor x2  
  180  20:19  Drone x4  
  180  20:20  Spore Crawler  
  180  20:22  Drone x4  
  184  20:43  Spore Crawler x3  
  184  20:45  Spore Crawler  
  184  20:48  Hydralisk x3  
  184  20:53  Lurker  
  184  20:54  Nydus Canal  
  183  21:01  Drone  
  184  21:08  Spore Crawler  
  184  21:09  Spore Crawler  
  182  21:17  Lurker x3  
  171  21:18  Viper  
  171  21:19  Viper  
  171  21:20  Overlord  
  171  21:21  Spore Crawler  
  176  21:27  Hydralisk x2  
  176  21:28  Hydralisk  
  178  21:54  Hydralisk x3  
  184  22:07  Hydralisk x2  
  184  22:08  Overlord x2  
  186  22:19  Zerg Melee Weapons Level 1  
  186  22:20  Spine Crawler, Lurker x3  
  186  22:22  Spine Crawler  
  187  22:25  Spore Crawler  
  187  22:26  Spore Crawler  
  187  22:28  Lurker x3  
  188  22:40  Viper  
  188  22:43  Nydus Canal  
  191  22:52  Grooved Spines, Overlord  
  191  23:03  Drone x4, Spore Crawler  
  194  23:07  Spore Crawler  
  194  23:08  Spore Crawler  
  194  23:10  Spore Crawler  
  194  23:11  Spore Crawler  
  190  23:20  Adrenal Glands  
  190  23:33  Drone  
  190  23:34  Overlord  
  190  23:35  Spore Crawler, Overlord x3  
  190  23:36  Spore Crawler  
  188  24:04  Hydralisk x4  
  196  24:30  Hydralisk x2  
  194  24:32  Zerg Melee Weapons Level 2, Muscular Augments  
  194  24:48  Lurker x3  
  194  24:49  Lurker x2  
  199  25:09  Spore Crawler  
  199  25:11  Lurker x2, Spore Crawler  
  199  25:12  Spore Crawler x3  
  199  25:13  Spore Crawler  
  192  25:30  Overseer x2  
  192  25:31  Overseer  
  183  25:42  Hatchery  
  182  25:46  Hydralisk x3  
  182  25:47  Hydralisk  
  188  25:56  Overseer x2  
  188  25:58  Hydralisk x2  
  188  26:02  Hydralisk x2  
  196  26:15  Overseer x2  
  180  26:32  Hydralisk x2  
  180  26:35  Drone  
  180  26:36  Drone x8  
  193  26:42  Lurker x2, Spore Crawler x3  
  193  26:43  Spore Crawler x2  
  193  26:44  Spore Crawler  
  186  26:59  Hydralisk x2  
  175  27:05  Hydralisk x2  
  171  27:08  Hydralisk  
  171  27:11  Zergling x8  
  169  27:22  Zergling x20  
  173  27:25  Hydralisk x3  
  173  27:26  Zergling x2  
  180  27:30  Hydralisk  
  179  27:39  Zergling x2  
  179  27:40  Zergling x2  
  179  27:41  Spore Crawler  
  179  27:43  Spore Crawler  
  179  27:44  Lurker  
  179  27:48  Extractor  
  179  27:54  Zergling x2  
  179  27:55  Zergling x24  
  179  27:58  Spore Crawler  
  191  28:04  Zerg Melee Weapons Level 3  
  191  28:05  Zergling x8  
  194  28:10  Spore Crawler  
  189  28:16  Spore Crawler  
  189  28:17  Spore Crawler  
  182  28:26  Spine Crawler  
  175  28:27  Hydralisk x3  
  175  28:31  Hydralisk x5  
  175  28:32  Hydralisk  
  193  28:34  Zergling x16  
  193  28:41  Spore Crawler  
  192  28:43  Drone x3  
  192  28:45  Drone x3, Spine Crawler  
  190  28:55  Lurker  
  189  29:06  Hydralisk x4  
  189  29:10  Zergling x4  
  189  29:12  Nydus Canal  
  189  29:13  Zergling x16  
  194  29:20  Zergling x6  
  192  29:24  Zergling x6  
  192  29:31  Drone x2  
  193  29:40  Zergling x2  
  193  29:41  Zergling x2  
  195  29:46  Drone x4  
  195  29:47  Drone  
  199  29:52  Burrow  
  196  30:24  Hydralisk x2  
  196  30:25  Overseer  
  196  30:28  Zergling x6  
  199  30:31  Hydralisk  
  196  30:40  Zergling x10  
  196  30:42  Nydus Canal  
  200  30:44  Overlord x2  
  200  30:56  Overlord x4  
  200  31:06  Overlord  
  196  31:23  Nydus Canal  
  189  31:41  Hydralisk x2, Spore Crawler  
  189  31:45  Hydralisk x3  
  198  31:48  Zergling x4  
  199  32:02  Nydus Canal  
  199  32:05  Zergling x2  
  192  32:26  Overseer x3, Viper  
  192  32:27  Viper x2  
  178  32:50  Hydralisk x3  
  178  32:51  Hydralisk x3  
  173  32:52  Zergling x14  
  173  32:54  Lurker x4  
  190  33:06  Drone x4  
  192  33:15  Queen  
  192  33:40  Drone x2  
  192  33:41  Drone  
  188  33:51  Hatchery  
  187  34:04  Hydralisk x4  
  187  34:08  Lurker x5  
  199  34:34  Zergling x2  
  194  34:57  Hydralisk x3  
  192  35:03  Overseer x2  
  183  35:09  Zergling x20  
  187  35:24  Overlord x3  
  187  35:27  Overlord  
  178  36:01  Viper x2  
  178  36:02  Viper  
  166  36:44  Hatchery  
  163  37:38  Overlord  
  163  37:49  Hydralisk Den  
  144  37:52  Overlord  
  144  37:55  Extractor  
  144  37:57  Extractor  
  142  38:19  Hydralisk x2  
  145  38:44  Hydralisk  
  145  38:51  Overlord x2  
  143  39:03  Spawning Pool  
  143  39:04  Overlord  
  142  39:20  Hydralisk x2  
  143  39:25  Hydralisk x3  
  140  39:56  Hydralisk x5  
  150  40:03  Zergling x2  
  151  40:14  Zergling x6  
  155  40:22  Lair  
  148  40:31  Hydralisk  
  138  40:51  Zergling x4  
  138  40:52  Zergling x4  
  124  41:19  Zergling x8  
  124  41:22  Hydralisk Den  
  122  41:42  Overseer x2  
  122  41:43  Overseer  
  119  41:54  Hydralisk x2  
  119  41:56  Lurker Den  
  118  42:09  Spore Crawler x2  
  118  42:10  Spore Crawler  
  118  42:11  Spore Crawler  
  111  42:24  Hydralisk  
  111  42:25  Hydralisk x2  
  117  42:34  Hydralisk  
  108  42:39  Queen  
  105  42:46  Hydralisk  
  107  43:00  Lurker  
  108  43:12  Hydralisk  
  93  43:15  Queen  
  93  43:17  Zergling x2  
  93  43:18  Zergling x2  
  99  43:23  Overseer x4  
  99  43:29  Zergling x2  
  100  43:37  Hydralisk  
  102  43:51  Queen  
  84  43:58  Hydralisk x3  
  84  44:01  Hydralisk  
  86  44:09  Hydralisk  
  76  44:26  Queen  
  76  44:30  Zergling x4  
  80  44:31  Lurker  
  75  44:45  Lurker  
  75  44:54  Hydralisk  
  75  44:59  Hydralisk x3  
  77  45:00  Hydralisk  
  77  45:02  Queen  
  74  45:22  Zergling x4, Lurker  
  74  45:23  Zergling x4  
  74  45:24  Zergling x4  
  81  45:38  Queen  
  77  46:00  Lurker  
  78  46:05  Lurker  
  78  46:06  Zergling x8  
  83  46:13  Queen  
  72  46:26  Hydralisk x3  
  72  46:28  Zergling x2  
  79  46:38  Hydralisk  
  78  46:48  Hydralisk  
  68  47:19  Hydralisk x2  
Tags
 
Add a new tag
Caveats
  • Supply blocks, unpowered buildings, or Contaminate may cause inaccurate times.
  • Supply counts are checked every 10 seconds.